 Dungeon Crawl Stone Soup version 0.22-a0-587-g7d32d7c (webtiles) character file.

20792 royokou the Severer (level 12, -3/116 HPs)
             Began as a Hill Orc Fighter on July 4, 2018.
             Was a High Priest of Beogh.
             Killed by divine providence
             ... invoked by a meliai
              (16 damage)
             ... on level 4 of the Lair of Beasts.
             The game lasted 01:00:58 (16969 turns).

royokou the Severer (Hill Orc Fighter)             Turns: 16969, Time: 01:00:59

Health: -3/116     AC: 27    Str: 26    XL:     12   Next: 83%
Magic:  12/12      EV: 15    Int:  8    God:    Beogh [*****.]
Gold:   752        SH:  0    Dex: 19    Spells: 11/11 levels left

rFire    . . .     SeeInvis .   E - +5 battleaxe (freeze)
rCold    . . .     Gourm    .   (shield currently unavailable)
rNeg     . . .     Faith    .   C - +0 plate armour
rPois    .         Spirit   .   F - +2 helmet
rElec    .         Reflect  .   q - +2 cloak
rCorr    .         Harm     .   D - +1 pair of gloves
MR       +....                  v - +2 pair of boots of Past Mistakes {MR+ Slay+5}
Stlth    ..........             (no amulet)
HPRegen  0.29/turn              G - +6 ring of strength
MPRegen  0.13/turn              y - +4 ring of protection

@: agile, hasted, very quick
A: walk on water
a: Smiting, Recall Orcish Followers, Give Item to Named Follower, Renounce
Religion


You were on level 4 of the Lair of Beasts.
You worshipped Beogh.
Beogh was extremely pleased with you.
You were not hungry.

You visited 2 branches of the dungeon, and saw 15 of its levels.

You collected 752 gold pieces.

Inventory:

Hand Weapons
 a - a +1 war axe
 b - a +0 hunting sling
 E - a +5 battleaxe of freezing (weapon)
Missiles
 o - 89 sling bullets
 s - 401 stones (quivered)
Armour
 c - a +0 shield
 q - a +2 cloak (worn)
 v - the +2 pair of boots of Past Mistakes (worn) {MR+ Slay+5}
   (You found it on level 1 of the Lair of Beasts)

   It affects your accuracy and damage with ranged weapons and melee attacks
   (+5).
   It affects your resistance to hostile enchantments.
 C - a +0 plate armour (worn)
 D - a +1 pair of gloves (worn)
 F - a +2 helmet (worn)
Jewellery
 e - an uncursed ring of fire
 r - an uncursed ring of stealth
 w - an uncursed ring of positive energy
 y - a +4 ring of protection (right hand)
 G - a +6 ring of strength (left hand)
 P - an uncursed ring of protection from magic
Wands
 x - a wand of flame (32)
 H - a wand of scattershot (5)
 I - a wand of random effects (9)
 O - a wand of enslavement (35)
Scrolls
 j - 9 scrolls of teleportation
 k - 7 scrolls of remove curse
 n - 2 scrolls of noise
 u - a scroll of amnesia
 A - 3 scrolls of random uselessness
 B - 5 scrolls of identify
 M - 3 scrolls of magic mapping
Potions
 d - a potion of might
 g - 4 potions of flight
 h - 4 potions of curing
 i - 2 potions of haste
 l - 2 potions of lignification
 m - a potion of invisibility
 p - 3 potions of brilliance
 t - a potion of ambrosia
 z - a potion of magic
 L - a potion of cancellation
Miscellaneous
 J - a phial of floods
Comestibles
 f - 28 rations
 N - a chunk of flesh


   Skills:
 + Level 13.7 Fighting
 * Level 19.2 Axes
 - Level 3.2 Armour
 + Level 5.7 Dodging
 - Level 3.4 Shields


You had 11 spell levels left.
You didn't know any spells.
Your spell library contained the following spells:

 Spells                   Type           Power        Failure   Level  Hunger
 Mephitic Cloud           Conj/Pois/Air  #.......     100%        3    ####...
 Venom Bolt               Conj/Pois      #.........   100%        5    ######.
 Olgreb's Toxic Radiance  Pois           #.......     100%        4    #####..
 Animate Dead             Necr           N/A          100%        4    #####..
 Pain                     Necr           #...         99%         1    ##.....
 Animate Skeleton         Necr           N/A          99%         1    ##.....
 Vampiric Draining        Necr           #.........   100%        3    ####...
 Regeneration             Chrm/Necr      #.........   100%        3    ####...
 Sting                    Conj/Pois      #...         99%         1    ##.....
 Stone Arrow              Conj/Erth      #.....       100%        3    ####...
 Passwall                 Tmut/Erth      #.......     100%        2    ###....
 Lee's Rapid Deconstruct  Erth           #.........   100%        5    ######.
 Sandblast                Erth           #.....       99%         1    ##.....
 Petrify                  Tmut/Erth      #.......     100%        4    #####..
 Poisonous Vapours        Pois/Air       #.....       100%        2    ###....


Dungeon Overview and Level Annotations

Branches:
Dungeon (11/15)            Temple (0/1) D:5            Lair (4/6) D:9
  Swamp (0/4) Lair:3        Snake (0/4) Lair:3
    Orc: D:9-12

Altars:
Cheibriados
Elyvilon
Okawaru
Trog

Shops:
D:4 ?   D:9 *(?([


Message History

The killer bee barely misses you. The killer bee closely misses you.
The meliai hits you with a hand axe!
* * * LOW HITPOINT WARNING * * *
The meliai completely misses you. The killer bee closely misses you.
The killer bee completely misses you.
The meliai invokes the aid of its god against you.
Something smites you!
* * * LOW HITPOINT WARNING * * *
The black mamba barely misses you.
You hear an angry buzzing noise.
A meliai comes into view. It is wielding an enchanted hand axe.
The killer bee closely misses you.
The meliai calls upon its god to heal the killer bee.
The killer bee is healed somewhat.
The black mamba closely misses you.
The killer bee stings you but does no damage.
The meliai invokes the aid of its god against you.
Something smites you!
You die...

...................
...................
...................
...................
......y............
.......y...........
......Syy..........
...#.#..###........
....###@###......P.
...#.....#......###
....#....#.......#
.........##.....##
...##...........###.
....#.....#.[.......
.........##.....#.#
....#...#.........#
..................#


You could see a black mamba, 2 meliai and 2 killer bees.

Vanquished Creatures
  Erica (Lair:2)
  A two-headed ogre (D:8)
  3 death yaks (Lair:4)
  Sonja (Lair:1)
  2 unseen horrors (D:11)
  Joseph (D:7)
  2 black mambas
  3 spiny frogs
  2 komodo dragons
  An ice devil (Lair:1)
  5 polar bears (Lair:2)
  A hornet (D:9)
  A hippogriff (Lair:2)
  A spriggan (D:7)
  A wyvern (Lair:4)
  Eustachio (D:4)
  15 yaks
  A basilisk (Lair:1)
  3 nagas (Lair:3)
  4 water moccasins
  A soldier ant (D:10)
  4 porcupines
  2 orc warriors (D:6)
  4 slaves
  8 black bears
  An ice beast (D:11)
  A sky beast (D:3)
  4 ogres
  2 phantoms
  4 centaurs
  5 crocodiles
  5 bullfrogs
  2 big kobolds (D:9)
  A gnoll sergeant (D:8)
  2 scorpions
  10 killer bees (Lair:4)
  5 wights (D:7)
  5 howler monkeys
  2 centaur zombies (D:8)
  3 bullfrog zombies
  4 crimson imps
  5 hounds
  2 jellies
  An orc priest (D:7)
  2 bullfrog skeletons (D:6)
  A gnoll shaman (D:6)
  2 centaur skeletons
  Crazy Yiuf (D:3)
  Jessica (D:2)
  An iguana (D:10)
  Terence (D:2)
  7 orc wizards
  Natasha (thrice) (D:3)
  5 worker ants
  A hound zombie (D:7)
  4 hound skeletons
  Robin (D:4)
  9 gnolls
  8 adders
  A shadow imp (D:7)
  An ooze (D:4)
  An adder skeleton (D:4)
  2 worms (D:3)
  5 dart slugs
  4 leopard geckos
  34 orcs
  4 giant cockroaches
  13 goblins
  17 hobgoblins
  20 jackals
  A quokka (D:4)
  13 bats
  4 frilled lizards
  A giant cockroach zombie (D:5)
  A jackal skeleton (D:9)
  12 kobolds
  9 rats
  A plant (Lair:3)
324 creatures vanquished.

Vanquished Creatures (collateral kills)
  A death yak (Lair:4)
  An oklob plant (Lair:2)
  A komodo dragon (Lair:2)
  An ice devil (Lair:1)
  A troll (D:10)
  2 polar bears (Lair:2)
  A meliai (Lair:4)
  A hippogriff (Lair:2)
  9 yaks
  A porcupine (Lair:4)
  2 sky beasts
  A black bear (Lair:2)
  A big kobold (D:10)
  A bullfrog (Lair:2)
  6 killer bees (Lair:4)
  A howler monkey (D:9)
  A hell rat (Lair:4)
  An orc (D:9)
  A bat (Lair:3)
  5 kobolds
  A plant (Lair:2)
40 creatures vanquished.

Vanquished Creatures (others)
  An orc knight (Lair:4)
  An orc warrior (D:9)
  3 orcs
  2 plants (D:9)
7 creatures vanquished.

Grand Total: 371 creatures vanquished

Notes
Turn   | Place    | Note
-------+----------+-------------------------------------------
     0 | D:1      | royokou the Hill Orc Fighter began the quest for the Orb.
     0 | D:1      | Reached XP level 1. HP: 19/19 MP: 1/1
    22 | D:1      | Reached skill level 3 in Axes
   218 | D:1      | Reached XP level 2. HP: 12/26 MP: 2/2
   486 | D:1      | Reached skill level 4 in Axes
   680 | D:1      | Reached XP level 3. HP: 27/31 MP: 3/3
  1185 | D:2      | Noticed Terence
  1208 | D:2      | Killed Terence
  1208 | D:2      | Reached skill level 5 in Axes
  1208 | D:2      | Reached XP level 4. HP: 35/39 MP: 4/4
  1342 | D:2      | Reached skill level 6 in Axes
  1703 | D:2      | Noticed Jessica
  1720 | D:2      | Killed Jessica
  1720 | D:2      | Reached XP level 5. HP: 45/45 MP: 5/5
  2422 | D:3      | Reached skill level 7 in Axes
  2524 | D:3      | Noticed Natasha
  2529 | D:3      | Killed Natasha
  2626 | D:3      | Noticed Natasha
  2638 | D:3      | Killed Natasha
  2646 | D:3      | Noticed a sky beast
  2673 | D:3      | Killed a sky beast
  2673 | D:3      | Reached skill level 8 in Axes
  2673 | D:3      | Reached XP level 6. HP: 24/51 MP: 6/6
  2917 | D:3      | Noticed Natasha
  2936 | D:3      | Killed Natasha
  3065 | D:3      | Became a worshipper of Beogh the Brigand
  3283 | D:3      | Found a runed door.
  3307 | D:3      | Reached skill level 9 in Axes
  3544 | D:3      | Noticed Crazy Yiuf
  3550 | D:3      | Killed Crazy Yiuf
  3604 | D:4      | Noticed Eustachio
  3617 | D:4      | Killed Eustachio
  3617 | D:4      | Reached skill level 10 in Axes
  3617 | D:4      | Reached XP level 7. HP: 57/57 MP: 7/7
  4056 | D:4      | Found a snail-covered altar of Cheibriados.
  4184 | D:4      | Noticed Robin
  4221 | D:4      | Killed Robin
  4376 | D:4      | Reached * piety under Beogh
  4548 | D:4      | Reached skill level 11 in Axes
  4575 | D:4      | Found Olares's Magic Scroll Shoppe.
  4753 | D:5      | Entered Level 5 of the Dungeon
  5300 | D:5      | Reached XP level 8. HP: 63/64 MP: 8/8
  5384 | D:5      | Found a staircase to the Ecumenical Temple.
  5863 | D:6      | Reached skill level 12 in Axes
  6391 | D:6      | Found a bloodstained altar of Trog.
  6513 | D:6      | Reached skill level 13 in Axes
  6858 | D:6      | Reached ** piety under Beogh
  7152 | D:7      | Reached XP level 9. HP: 68/70 MP: 9/9
  7176 | D:7      | Reached skill level 14 in Axes
  7231 | D:7      | Noticed Joseph
  7247 | D:7      | Killed Joseph
  7517 | D:7      | Reached skill level 15 in Axes
  7749 | D:7      | Found an iron altar of Okawaru.
  9353 | D:8      | Reached skill level 16 in Axes
  9674 | D:8      | Reached skill level 5 in Fighting
 10038 | D:8      | Found an iron altar of Okawaru.
 10079 | D:8      | Noticed a two-headed ogre
 10092 | D:8      | Reached XP level 10. HP: 84/84 MP: 10/10
 10105 | D:8      | Killed a two-headed ogre
 10105 | D:8      | Reached *** piety under Beogh
 11182 | D:9      | Found a staircase to the Lair.
 11202 | D:9      | Found Meploune's General Store.
 11281 | D:9      | Found Gygat's Magic Scroll Shoppe.
 11373 | D:9      | Found Ehyih's Weapon Shoppe.
 11377 | D:9      | Reached skill level 10 in Fighting
 11622 | D:9      | Found Ziplilos's Armour Boutique.
 11674 | D:9      | Found Otaec's Antique Weapon Shoppe.
 11707 | D:10     | Entered Level 10 of the Dungeon
 12019 | D:10     | Found a white marble altar of Elyvilon.
 12307 | D:10     | Reached **** piety under Beogh
 12814 | D:11     | Reached skill level 1 in Dodging
 12867 | D:11     | Killed an unseen horror
 12867 | D:11     | Reached XP level 11. HP: 104/104 MP: 11/11
 13053 | D:11     | Killed an unseen horror
 13398 | Lair:1   | Entered Level 1 of the Lair of Beasts
 13807 | Lair:1   | Got a pair of pitted boots
 13813 | Lair:1   | Identified the +2 pair of boots of Past Mistakes {MR+ Slay+5} (You found it on level 1 of the Lair of Beasts)
 13928 | Lair:1   | Noticed Sonja
 13931 | Lair:1   | Killed Sonja
 13931 | Lair:1   | Reached skill level 17 in Axes
 14605 | Lair:2   | Gained Borgoth as an ally
 14670 | Lair:2   | Noticed Erica
 14678 | Lair:2   | Killed Erica
 14872 | Lair:2   | Noticed an oklob plant
 14883 | Lair:2   | Killed an oklob plant
 15062 | Lair:2   | Reached XP level 12. HP: 113/113 MP: 12/12
 15105 | Lair:2   | Reached skill level 18 in Axes
 15689 | Lair:3   | Found a staircase to the Swamp.
 15834 | Lair:3   | Found a staircase to the Snake Pit.
 15848 | Lair:3   | Reached skill level 5 in Dodging
 16517 | Lair:4   | Noticed a death yak
 16517 | Lair:4   | Noticed a death yak
 16517 | Lair:4   | Noticed a death yak
 16525 | Lair:4   | Killed a death yak
 16528 | Lair:4   | Reached ***** piety under Beogh
 16528 | Lair:4   | Killed a death yak
 16532 | Lair:4   | Killed a death yak
 16854 | Lair:4   | Reached skill level 19 in Axes
 16863 | Lair:4   | Noticed a death yak
 16872 | Lair:4   | Killed a death yak
 16931 | Lair:4   | Noticed a five-headed hydra
 16948 | Lair:4   | Your ally Borgoth died
 16969 | Lair:4   | Killed from afar by a meliai

Vault maps used:
D:1:      dpeg_chamrin_arrival_tetris, minmay_cupped
D:2:      first_ration, uniq_jessica, uniq_terence
D:3:      uniq_crazy_yiuf_cottage, uniq_natasha
D:4:      serial_shops, shop_scrolls, cheibriados_altar_1, uniq_eustachio,
          uniq_robin
D:5:      minmay_temple_entry_poolview
D:6:      basic_altar
D:7:      basic_altar, the_bakery, uniq_pikel, uniq_joseph
D:8:      okawaru_gym_becter, minivault_23
D:9:      david_lair_shrubbed, serial_shops, shop, kennysheep_little_box, shop,
          kennysheep_mini_moat, nicolae_shop_stone, minivault_27
D:10:     elyvilon_altar_1
Lair:1:   portal_ice_cave_demonic_guard, grunt_megastairs_5, uniq_sonja
Lair:2:   beast_lair_carwin_large_4, patterned_corridor,
          minmay_lair_oklob_chamber, uniq_erica
Lair:3:   swamp_mist, guppyfry_snake_entry_garden, roderic_batcave
Lair:4:   regret_index_combs_of_tragedy, nicolae_volcano_entry_vermiform,
          basic_altar

Skill      XL: |  1  2  3  4  5  6  7  8  9 10 11 12 |
---------------+-------------------------------------+-----
Axes           | 3 4 5 6 8 10 11 13 16 17 19 | 19.2
Fighting       | 6 11 12 13 | 13.7
Dodging        | 1 4 5 |  5.7
Armour         | |  3.2
Shields        | |  3.4

Action                   |  1- 3 |  4- 6 |  7- 9 | 10-12 || total
-------------------------+-------+-------+-------+-------++-------
Melee: War axe           |    98 |   237 |   544 |   169 ||  1048
       Battleaxe         |       |       |       |   245 ||   245
 Fire: Hunting sling     |       |     5 |     3 |       ||     8
Invok: Convert to Beogh  |       |     1 |       |       ||     1
  Use: Scroll            |       |       |    13 |    17 ||    30
       Potion            |       |       |       |     3 ||     3
 Stab: Distracted        |       |       |       |     4 ||     4
  Eat: Chunk             |       |     9 |    21 |    18 ||    48
       Ration            |       |       |       |     1 ||     1
Armor: Scale mail        |    32 |    66 |       |       ||    98
       Chain mail        |       |    47 |       |       ||    47
       Plate armour      |       |    22 |   243 |   271 ||   536
Dodge: Dodged            |    31 |    58 |    38 |   121 ||   248
Block: Shield            |    45 |   113 |   158 |    60 ||   376

Table legend:
 A = Spawn XP
 B = Non-spawn XP
 C = Spawn XP percentage of total XP
 D = Spawn monster count
 E = Non-spawn monster count
 F = Spawn count percentage of total count
 G = Total turns spent on level
                    A         B        C        D         E        F      G
               +---------+---------+-------+---------+---------+-------+---------
         Total |       0 |   29704 |   0.0 |       0 |     358 |   0.0 | 16969
               +---------+---------+-------+---------+---------+-------+---------
           D:1 |       0 |      47 |   0.0 |       0 |      30 |   0.0 |  1162
           D:2 |       0 |     137 |   0.0 |       0 |      27 |   0.0 |  1090
           D:3 |       0 |     343 |   0.0 |       0 |      25 |   0.0 |  1335
           D:4 |       0 |     520 |   0.0 |       0 |      22 |   0.0 |  1166
           D:5 |       0 |     342 |   0.0 |       0 |      10 |   0.0 |  1059
           D:6 |       0 |    1069 |   0.0 |       0 |      35 |   0.0 |  1637
           D:7 |       0 |    1380 |   0.0 |       0 |      28 |   0.0 |  1857
           D:8 |       0 |    1897 |   0.0 |       0 |      22 |   0.0 |  1407
           D:9 |       0 |    2479 |   0.0 |       0 |      38 |   0.0 |  1156
          D:10 |       0 |     622 |   0.0 |       0 |      11 |   0.0 |   898
          D:11 |       0 |    2868 |   0.0 |       0 |      16 |   0.0 |   631
        Lair:1 |       0 |    2828 |   0.0 |       0 |      11 |   0.0 |  1084
        Lair:2 |       0 |    7286 |   0.0 |       0 |      35 |   0.0 |  1207
        Lair:3 |       0 |    2583 |   0.0 |       0 |      19 |   0.0 |  1102
        Lair:4 |       0 |    5303 |   0.0 |       0 |      29 |   0.0 |   178
               +---------+---------+-------+---------+---------+-------+---------
